 Seeded DCSS version 0.30.1-9-gdf580d7c3d (webtiles) character file.

Game seed: 6351066067085065685 (custom seed)

0 Esekla the Magician (level 1, -3/10 HPs)
             Began as a Deep Elf Wanderer on Oct 21, 2023.
             Frozen to death by an endoplasm (5 damage)
             ... on level 1 of the Dungeon.
             The game lasted 00:01:43 (234 turns).

Esekla the Magician (Deep Elf Wanderer)              Turns: 234, Time: 00:01:44

Health: -3/10      AC:  2    Str: 11    XL:     1   Next: 8%
Magic:  7/7        EV:  7    Int: 17    God:
Gold:   0          SH:  3    Dex: 11    Spells: 6/8 levels left

rFire   . . .        a - +0 short sword
rCold   . . .        d - +0 buckler
rNeg    . . .        c - +0 robe
rPois   .            (no helmet)
rElec   .            (no cloak)
rCorr   .            (no gloves)
SInv    .            (no boots)
Will    .....        (no amulet)
Stlth   ++           (no ring)
HPRegen 0.21/turn    (no ring)
MPRegen 0.10/turn

%: no passive effects
@: constricted
A: no striking features
a: no special abilities


You were on level 1 of the Dungeon.
You visited 1 branch of the dungeon, and saw 1 of its levels.

Inventory:

Hand Weapons
 a - a +0 short sword (weapon)
Armour
 c - a +0 robe (worn)
 d - a +0 buckler (worn)
Scrolls
 g - a scroll of identify {unknown}
Potions
 b - a potion of lignification
 e - a potion of ambrosia {unknown}
 h - a potion of heal wounds {unknown}


   Skills:
 + Level 1.2 Stealth
 + Level 1.5 Shields
 * Level 4.4 Spellcasting
 + Level 2.1 Translocations
 + Level 1.0 Invocations


You had 6 spell levels left.
You knew the following spells:

 Your Spells              Type           Power      Damage    Failure   Level
a - Magic Dart            Conj           12%        1d3       22%         1
p - Apportation           Tloc           22%        N/A       9%          1

Your spell library contained the following spells:

 Spells                   Type           Power      Damage    Failure   Level
 Blink                    Tloc           22%        N/A       14%         2
 Lesser Beckoning         Tloc           22%        N/A       14%         2
 Ignite Poison            Fire/Tmut/Pois 3%         N/A       54%         3
 Vampiric Draining        Necr           3%         2d6       54%         3


Dungeon Overview and Level Annotations

Branches:
Dungeon (1/15)

Altars:


Message History

The bat barely misses you. x2; The goblin closely misses you.
The bat hits you. The bat barely misses you.
The bat hits you but does no damage. The goblin attacks as you move away!
The goblin hits you with a +0 club. The bat hits you but does no damage.
A ball python comes into view.
A ball python comes into view.
The bat hits you but does no damage. The goblin misses you.
The bat attacks as you move away! The bat hits you but does no damage.
You block the bat's attack. The bat misses you. The frilled lizard bites you.
* * * LOW HITPOINT WARNING * * *
As you read the scroll labelled QOIXKOT YTEE, it crumbles to dust.
You assume a fearsome visage.
The ball python looks frightened! x3
The ball python hisses angrily.
The goblin looks frightened!
The bat looks frightened! x2
The frilled lizard looks frightened!
It was a scroll of fear.
The goblin cries, "Mercy!"
The goblin moans, "Oh dear!
Oh dear!"
Found a stone staircase leading down.
Cornered, the ball python turns to fight!
The endoplasm hits you. The endoplasm attacks as you move away!
The endoplasm closely misses you.
Cornered, the goblin turns to fight!
The endoplasm attacks as you move away! You block the endoplasm's attack.
A quokka comes into view.
Cornered, the ball python turns to fight!
The quokka twitches its whiskers.
The ball python bites you.
* * * LOW HITPOINT WARNING * * *
You block the ball python's attack. The endoplasm attacks as you move away!
The endoplasm hits you.
* * * LOW HITPOINT WARNING * * *
There is a stone staircase leading down here.
You block the ball python's attack. The ball python grabs you.
You stop descending the stairs.
The ball python constricts you.
* * * LOW HITPOINT WARNING * * *
The endoplasm freezes you.
You are frozen.
Ouch! That really hurt!
You die...

##....b.# #....#
....##..########..#
....#............##
......#.##########
###......##
..#.#.....#########
....#..r..g.#.....#
#l..#....##.r..J..#
#.[.....####.SS@.#
##........!......#
#.#.....###.....#
#.#....## #######
#......# #.#....#
########


You could see an endoplasm, a quokka, a goblin and 2 ball pythons.

Vanquished Creatures
  A kobold (D:1)
1 creature vanquished.

Notes
Turn   | Place    | Note
-------+----------+-------------------------------------------
     0 | D:1      | Esekla the Deep Elf Wanderer began the quest for the Orb.
     0 | D:1      | Esekla set off with the following items: a +0 club, a
                  | potion of lignification, a +0 robe, a +0 buckler; and the
                  | following spells available to memorise: Apportation, Blink,
                  | Lesser Beckoning, Magic Dart, Ignite Poison, Vampiric
                  | Draining.
     0 | D:1      | Reached XP level 1. HP: 10/10 MP: 7/7
     2 | D:1      | Learned a level 1 spell: Magic Dart
     4 | D:1      | Learned a level 1 spell: Apportation
   234 | D:1      | Frozen to death by an endoplasm

Illustrated notes

Levels and vault maps discovered:
D:1:      sevenhm_arrival_forest_fort_small_3, layout_rooms,
          chequers_serial_rivers_room_b, minmay_misc_feat_five

Action                     || total
---------------------------++-------
   Cast: Apportation       ||     4
         Magic Dart        ||     3
    Use: Scroll            ||     1
 Armour: Robe              ||     7
  Dodge: Dodged            ||    10
  Block: Buckler           ||     5
